AoeStats
← Bzm_Cordobez

Arabia

509702080Analyzed
3v3 RM · 6d ago on Sep 27, 2026· 52m 33s· 6 players
Game mode
Random Map
Map size
Normal (6 player)
Population
200
Speed
Normal
Resources
Standard
Victory
Conquest
Starting age
Dark Age
Ending age
Imperial Age
RankedLock teamsTeams togetherTeam positionsShared explorationLock speedFull tech treeHidden civsTurbo modeCheats
Victory
Defeat
🇩🇿 Maya · Algeria
1810
+10
🇹🇷 Britons · Türkiye
1781
+11
🇹🇷 Teutons · Türkiye
1675
+14
🇹🇷 Britons · Türkiye
1668
-12
🇹🇷 Ethiopians · Türkiye
1665
-12
🇹🇷 Magyars · Türkiye
1649
-11
Bzm_Cordobez
3:20 Loom
8:57 Feudal Age
12:39 Fletching
16:45 Double-Bit Axe
18:01 Horse Collar
20:35 Padded Archer Armor
25:09 Castle Age
23:29 Gold Mining
25:11 Crossbowman
25:58 Bodkin Arrow
28:10 Ballistics
31:15 Bow Saw
Bzm_Kuvâ-yi Milliye
8:49 Feudal Age
7:06 Loom
9:26 Double-Bit Axe
14:06 Fletching
16:43 Padded Archer Armor
23:37 Castle Age
22:04 Gold Mining
22:14 Horse Collar
23:42 Crossbowman
24:17 Bodkin Arrow
24:35 Bow Saw
25:44 Ballistics
28:36 Heavy Plow
30:55 Stone Mining
32:44 Leather Archer Armor
33:43 Wheelbarrow
32:53 Town Watch
34:45 Gold Shaft Mining
36:02 Hand Cart
39:09 Imperial Age
37:18 Hand Cart
40:00 Yeomen
40:02 Bracer
41:04 Chemistry
41:05 Two-Man Saw
39:43 Arbalester
42:32 Two-Man Saw
43:10 Ring Archer Armor
46:32 Husbandry
47:54 Light Cavalry
48:39 Scale Barding Armor
48:45 Forging
49:43 Chain Barding Armor
51:31 Iron Casting
WarPrince
6:07 Loom
8:53 Feudal Age
9:31 Double-Bit Axe
9:53 Horse Collar
11:55 Wheelbarrow
15:05 Bloodlines
20:42 Castle Age
19:42 Scale Barding Armor
19:48 Bloodlines
21:59 Bow Saw
31:08 Chain Barding Armor
32:30 Hand Cart
33:35 Husbandry
41:04 Imperial Age
39:09 Stone Mining
39:09 Gold Mining
39:20 Heavy Plow
40:03 Fletching
41:15 Cavalier
42:31 Plate Barding Armor
42:57 Two-Man Saw
48:03 Corvinian Army
49:49 Elite Magyar Huszar
52:34 Conscription
52:20 Town Watch
HunTerZ
8:56 Loom
11:13 Feudal Age
12:43 Double-Bit Axe
15:15 Castle Age
13:59 Horse Collar
15:45 Scale Barding Armor
22:42 Wheelbarrow
23:34 Bloodlines
23:40 Gold Mining
24:38 Chain Barding Armor
28:01 Forging
36:33 Bow Saw
37:23 Heavy Plow
37:27 Town Watch
37:37 Stone Mining
38:37 Hand Cart
43:12 Imperial Age
42:05 Squires
41:51 Gambesons
41:51 Arson
42:59 Iron Casting
43:18 Stone Shaft Mining
42:12 Pikeman
42:57 Scale Mail Armor
44:32 Cavalier
48:24 Fletching
50:54 Chain Mail Armor
51:53 Halberdier
Audi performance
0:26 Loom
8:27 Feudal Age
8:54 Double-Bit Axe
11:58 Fletching
12:11 Padded Archer Armor
21:50 Castle Age
20:00 Gold Mining
20:14 Horse Collar
21:55 Crossbowman
22:30 Bodkin Arrow
23:52 Ballistics
24:22 Wheelbarrow
24:38 Leather Archer Armor
27:22 Thumb Ring
28:11 Town Watch
38:50 Imperial Age
39:32 Bracer
40:33 Chemistry
39:54 Bow Saw
41:51 Elite Skirmisher
43:02 Ring Archer Armor
45:36 Two-Man Saw
46:55 Two-Man Saw
46:07 Guilds
46:04 Heavy Plow
47:26 Hul'che Javelineers
48:12 Stone Mining
49:00 Conscription
48:26 Pikeman
49:06 Squires
48:54 Arbalester
49:57 Scale Mail Armor
50:07 Forging
50:52 Capped Ram
52:38 Crop Rotation
Jugband
6:29 Loom
8:39 Feudal Age
9:20 Loom
9:21 Double-Bit Axe
10:20 Horse Collar
13:32 Fletching
14:32 Padded Archer Armor
27:13 Castle Age
36:44 Bow Saw
42:55 Wheelbarrow
50:26 Imperial Age
48:25 Heavy Plow
48:21 Bodkin Arrow
49:06 Stone Mining
49:07 Gold Mining
50:09 Scale Mail Armor
50:20 Forging
51:09 Bracer
51:33 Conscription
52:20 Two-Man Saw
52:11 Chain Mail Armor
52:13 Leather Archer Armor
53:00 Chemistry
52:59 Ballistics
52:02 Pikeman
52:43 Squires
53:27 Iron Casting
Connection lost

Rejoining the realm…

Still unreachable

The connection could not be restored.

Session expired

The server has moved on; the page needs a fresh start.